 Dungeon Crawl Stone Soup version 0.31-a0-182-gc5ef74bbde (webtiles) character file.

Game seed: 2269732851482084286

631003 TittyCrusher the Wrestler (level 27, -3/228 HPs)
             Began as an Octopode Transmuter on June 20, 2023.
             Was a High Priest of Cheibriados.
             Engulfed by Inoad the pandemonium lord's thunder (33 damage)
             ... on level 15 of a ziggurat on June 21, 2023.
             The game lasted 03:17:11 (63245 turns).

TittyCrusher the Wrestler (Octopode Transmuter)    Turns: 63245, Time: 03:17:13

Health: -3/228     AC: 31    Str: 46    XL:     27
Magic:  17/40      EV: 45    Int: 30    God:    Cheibriados [*****.]
Gold:   3264       SH: 25    Dex: 49    Spells: 0/52 levels left

rFire   + .          .
                       - Unarmed
rCold   + . .        l - +5 kite shield of the Gusle {Dex+2}
rNeg    + + +        I - +2 hat
rPois   ∞            g - amulet of Intercession {Regen+ Str+5 Dex+3}
rElec   +            w - +6 ring of dexterity
rCorr   +            s - +6 ring of dexterity
SInv    +            t - ring "Circh" {rElec rPois Will+ rCorr Stlth+}
Will    +++++        J - ring of Sokekaiwk {*Corrode Int+4 Dex+6}
Stlth   +++++++      G - ring of see invisible
HPRegen 1.38/turn    m - ring of Ziem Mim {*Corrode rElec rN+++ Will++ EV+5 Int-3}
MPRegen 0.27/turn    T - ring of protection from fire
                     h - +6 ring of strength

%: corrode self (6%)
@: mighty, statue-form, weakened, wereblooded, slowed, very slow
A: slow and powerful, torment resistance 1, boosted hp, almost no armour,
amphibious, 8 rings, camouflage 1, (gelatinous body 1), (nimble swimmer 1),
tentacles, (iridescent scales 1), cold resistance 1, sense surroundings 1
}: 4/15 runes: serpentine, barnacled, slimy, silver
a: End Transformation, Renounce Religion, Bend Time, Temporal Distortion,
Slouch, Step From Time


You were on level 15 of a ziggurat.
You worshipped Cheibriados.
Cheibriados was extremely pleased with you.
You were a living statue of rough stone.
You visited 11 branches of the dungeon, and saw 51 of its levels.
You visited 1 bazaar.
You visited 1 ziggurat, and saw 15 of its levels.
You also visited: Trove, Ossuary, Ice Cave and Wizlab.

You collected 10583 gold pieces.
You spent 7319 gold pieces at shops.

Inventory:

Hand Weapons
 b - the +6 Majin-Bo {spellvamp, MP+6 Int+6}
   (You acquired it on level 3 of the Elven Halls)

   Int:       It affects your intelligence (+6).
   MP:        It affects your magic capacity (+6).
 X - the +3 Elemental Staff {rElec rF+ rC+ AC+3}
   (You found it on level 13 of a ziggurat)

   It enhances your fire, ice, earth and air magic.
   AC:        It affects your AC (+3).
   rF:        It protects you from fire.
   rC:        It protects you from cold.
   rElec:     It insulates you from electricity.
Armour
 l - the +5 kite shield of the Gusle (worn) {Dex+2}
   (You found it in a treasure trove)

   Dex:       It affects your dexterity (+2).
 I - a +2 hat (worn)
Magical Staves
 R - the staff of Foolhardiness {+Blink rN+ Int+2 SInv Stlth+ Necro}
   (You found it on level 12 of a ziggurat)

   [staff of death]

   Base accuracy: +5 Base damage: 5 Base attack delay: 1.2 This weapon's minimum
   attack delay (0.6) is reached at skill level 12.
   Int:       It affects your intelligence (+2).
   rN:        It protects you from negative energy.
   SInv:      It lets you see invisible.
   +Blink:    It lets you blink.
   Necro:     It increases the power of your Necromancy spells.
   Stlth:     It makes you more stealthy.
   It falls into the 'Staves' category.
   It is a one-tentacled weapon.
Jewellery
 c - the ring of Geshroox {rElec Int+6 Dex+2}
   (You found it on level 11 of a ziggurat)

   [ring of intelligence]

   Int:       It affects your intelligence (+6).
   Dex:       It affects your dexterity (+2).
   rElec:     It insulates you from electricity.
 g - the amulet of Intercession (around mantle) {Regen+ Str+5 Dex+3}
   (You bought it in a shop on level 2 of the Snake Pit)

   [amulet of regeneration]

   Str:       It affects your strength (+5).
   Dex:       It affects your dexterity (+3).
   Regen:     It increases your rate of health regeneration.
 h - a +6 ring of strength (on tentacle)
 m - the ring of Ziem Mim (on tentacle) {*Corrode rElec rN+++ Will++ EV+5 Int-3}
   (You acquired it on level 3 of the Lair of Beasts)

   [ring of evasion]

   EV:        It affects your evasion (+5).
   Int:       It affects your intelligence (-3).
   rElec:     It insulates you from electricity.
   rN:        It renders you almost immune to negative energy.
   *Corrode:  It may corrode you when you take damage.
   Will:      It greatly increases your willpower.
 o - a ring of protection from cold
 s - a +6 ring of dexterity (right tentacle)
 t - the ring "Circh" (on tentacle) {rElec rPois Will+ rCorr Stlth+}
   (You bought it in a shop on level 2 of the Orcish Mines)

   [ring of resist corrosion]

   rElec:     It insulates you from electricity.
   rPois:     It protects you from poison.
   rCorr:     It protects you from acid and corrosion.
   Will:      It increases your willpower.
   Stlth:     It makes you more stealthy.
 w - a +6 ring of dexterity (left tentacle)
 G - a ring of see invisible (on tentacle)
 J - the ring of Sokekaiwk (on tentacle) {*Corrode Int+4 Dex+6}
   (You bought it in a shop on level 2 of the Orcish Mines)

   [ring of dexterity]

   Int:       It affects your intelligence (+4).
   Dex:       It affects your dexterity (+6).
   *Corrode:  It may corrode you when you take damage.
 T - a ring of protection from fire (on tentacle)
 W - the ring "Axutuun" {rPois MP+9 EV+5}
   (You found it on level 3 of the Depths)

   [ring of evasion]

   EV:        It affects your evasion (+5).
   rPois:     It protects you from poison.
   MP:        It affects your magic capacity (+9).
 Y - a +6 ring of strength
Wands
 f - a wand of iceblast (60)
 x - a wand of digging (31)
 y - a wand of flame (79)
 K - a wand of polymorph (29)
 P - a wand of mindburst (44)
 Z - a wand of acid (38)
Scrolls
 d - 13 scrolls of poison
 j - 9 scrolls of fog
 k - 32 scrolls of teleportation
 p - 3 scrolls of revelation
 r - 14 scrolls of vulnerability
 C - 4 scrolls of torment
 F - 10 scrolls of immolation
 M - 4 scrolls of butterflies
 U - 12 scrolls of fear
 V - 9 scrolls of blinking
Potions
 a - 17 potions of cancellation
 e - 15 potions of mutation
 i - 18 potions of curing
 n - 13 potions of enlightenment
 q - 10 potions of attraction
 u - 6 potions of might
 z - 4 potions of lignification
 A - 4 potions of resistance
 B - 3 potions of invisibility
 D - 6 potions of heal wounds
 H - 9 potions of brilliance
 N - 9 potions of ambrosia
 O - 5 potions of magic
 Q - 10 potions of berserk rage
 S - 11 potions of haste
Miscellaneous
 v - a lightning rod (4/4)
 E - a condenser vane
 L - a phantom mirror


   Skills:
 - Level 11.9 Fighting
 - Level 15.0 Dodging
 - Level 5.9 Stealth
 - Level 14.3 Shields
 - Level 25.1 Unarmed Combat
 - Level 13.0 Spellcasting
 - Level 17.4 Necromancy
 - Level 5.7 Translocations
 - Level 17.4 Transmutations
 + Level 13.6 Fire Magic
 - Level 15.0 Ice Magic
 - Level 11.3 Air Magic
 - Level 6.6 Earth Magic
 - Level 5.5 Poison Magic
 - Level 13.2 Invocations
 - Level 9.8 Evocations


You couldn't memorise any spells.
You knew the following spells:

 Your Spells              Type           Power      Damage    Failure   Level
a - Ignition              Fire           40%        3d12      58%         8
b - Wereblood             Tmut           90%        N/A       0%          2
c - Dragon Form           Tmut           45%        N/A       1%          7
d - Polar Vortex          Ice            41%        N/A       100%        9
e - Statue Form           Tmut/Erth      50%        N/A       3%          6
f - Apportation           Tloc           100%       N/A       1%          1
g - Lesser Beckoning      Tloc           100%       N/A       1%          2
h - Necromutation         Tmut/Necr      45%        N/A       16%         8
i - Storm Form            Tmut/Air       41%        N/A       8%          7
j - Blink                 Tloc           100%       N/A       1%          2

Your spell library contained the following spells:

 Spells                   Type           Power      Damage    Failure   Level
 Beastly Appendage        Tmut           100%       N/A       0%          1
 Freeze                   Ice            100%       1d10      0%          1
 Necrotise                Necr           100%       1d9       0%          1
 Vampiric Draining        Necr           89%        2d12      0%          3
 Kiss of Death            Conj/Necr      100%       2d13      1%          1
 Shock                    Conj/Air       100%       1d9       1%          1
 Sting                    Tmut/Pois      100%       1d8       1%          1
 Ensorcelled Hibernation  Hex/Ice        100%       N/A       1%          2
 Momentum Strike          Conj/Tloc      72%        3d10      1%          2
 Passwall                 Tmut/Erth      62%        N/A       1%          2
 Poisonous Vapours        Pois/Air       100%       N/A       1%          2
 Static Discharge         Conj/Air       100%       2-7/arc   1%          2
 Frozen Ramparts          Ice            100%       1d16      1%          3
 Gell's Gravitas          Tloc           52%        N/A       1%          3
 Hailstorm                Conj/Ice       59%        3d13      1%          3
 Ignite Poison            Fire/Tmut/Pois 75%        N/A       1%          3
 Inner Flame              Hex/Fire       57%        N/A       1%          3
 Mephitic Cloud           Conj/Pois/Air  52%        N/A       1%          3
 Spider Form              Tmut/Pois      73%        N/A       1%          3
 Swiftness                Air            72%        N/A       1%          3
 Teleport Other           Tloc           52%        N/A       1%          3
 Vhi's Electric Charge    Tloc/Air       100%       N/A       1%          3
 Volatile Blastmotes      Fire/Tloc      100%       2d18      1%          3
 Airstrike                Air            36%        2d(6-22)  1%          4
 Anguish                  Hex/Necr       32%        N/A       1%          4
 Animate Dead             Necr           89%        N/A       1%          4
 Dispel Undead            Necr           89%        3d28      1%          4
 Ice Form                 Ice/Tmut       86%        N/A       1%          4
 Petrify                  Tmut/Erth      75%        N/A       1%          4
 Sticky Flame             Conj/Fire      57%        2d7       1%          4
 Summon Ice Beast         Ice/Summ       59%        N/A       1%          4
 Blade Hands              Tmut           45%        N/A       1%          5
 Borgnjor's Vile Clutch   Necr/Erth      37%        N/A       1%          5
 Death Channel            Necr           44%        N/A       1%          6
 Simulacrum               Ice/Necr       43%        N/A       1%          6
 Freezing Cloud           Conj/Ice/Air   32%        6-21      2%          5
 Irradiate                Conj/Tmut      32%        3d22      2%          5
 Yara's Violent Unravell  Hex/Tmut       32%        3d13      2%          5
 Plasma Beam              Fire/Air       38%        2x1d51    2%          6
 Magic Dart               Conj           76%        1d6       3%          1
 Slow                     Hex            76%        N/A       3%          1
 Summon Small Mammal      Summ           76%        N/A       3%          1
 Portal Projectile        Hex/Tloc       72%        N/A       3%          3
 Manifold Assault         Tloc           52%        N/A       3%          4
 Olgreb's Toxic Radiance  Pois           51%        N/A       3%          4
 Passage of Golubria      Tloc           52%        N/A       3%          4
 Summon Lightning Spire   Summ/Air       52%        N/A       3%          4
 Call Imp                 Summ           38%        N/A       4%          2
 Metabolic Englaciation   Hex/Ice        29%        N/A       4%          5
 Eringya's Noxious Bog    Tmut/Pois      36%        N/A       4%          6
 Fireball                 Conj/Fire      28%        3d12      5%          5
 Ozocubu's Refrigeration  Ice            41%        4d16      5%          7
 Lee's Rapid Deconstruct  Erth           28%        3d15*     6%          5
 Leda's Liquefaction      Hex/Erth       19%        N/A       9%          4
 Arcjolt                  Conj/Air       26%        1d36      9%          5
 Silence                  Hex/Air        26%        N/A       9%          5
 Call Canine Familiar     Summ           19%        N/A       10%         3
 Confusing Touch          Hex            19%        N/A       10%         3
 Summon Guardian Golem    Hex/Summ       19%        N/A       10%         3
 Tukima's Dance           Hex            19%        N/A       10%         3
 Iskenderun's Mystic Bla  Conj/Tloc      36%        2d9       10%         4
 Borgnjor's Revivificati  Necr           44%        N/A       16%         8
 Summon Forest            Summ/Tloc      18%        N/A       26%         5
 Cause Fear               Hex            9%         N/A       30%         4
 Fulminant Prism          Conj/Hex       9%         3d7       30%         4
 Dispersal                Tloc           26%        N/A       41%         6
 Conjure Ball Lightning   Conj/Air       26%        3x3d7     43%         6
 Haunt                    Necr/Summ      32%        N/A       58%         7
 Iskenderun's Battlesphe  Conj           19%        2d7       65%         5
 Summon Mana Viper        Hex/Summ       19%        N/A       65%         5
 Leda's Unmaking          Conj/Erth      19%        9d4       77%         6
 Maxwell's Capacitive Co  Air            36%        ∞         90%         8
 Death's Door             Necr           44%        N/A       94%         9
 Summon Cactus Giant      Summ           9%         N/A       99%         6
 Enfeeble                 Hex            9%         N/A       100%        7
 Malign Gateway           Summ/Tloc      18%        N/A       100%        7
 Monstrous Menagerie      Summ           9%         N/A       100%        7
 Orb of Destruction       Conj           9%         9d6       100%        7
 Spellforged Servitor     Conj/Summ      9%         N/A       100%        7
 Summon Hydra             Summ           9%         N/A       100%        7
 Discord                  Hex            9%         N/A       100%        8
 Disjunction              Tloc           26%        N/A       100%        8
 Lehudib's Crystal Spear  Conj/Erth      19%        10d6      100%        8
 Animate Armour           Summ/Erth      Unusable   N/A       N/A         4

Dungeon Overview and Level Annotations

Branches:
Dungeon (15/15)            Temple (1/1) D:7            Lair (5/5) D:8
 Shoals (4/4) Lair:3        Snake (4/4) Lair:3        Slime (5/5) Lair:4
    Orc (2/2) D:11            Elf (3/3) Orc:2        Vaults (5/5) D:13
  Crypt (3/3) Vaults:3       Tomb (0/3) Crypt:3      Depths (4/4) D:15
    Zot (0/5) Depths:4    Ossuary (visited)           IceCv (visited)
 WizLab (visited)

Altars:
Ashenzari
Cheibriados
Dithmenos
Elyvilon
Fedhas
Gozag
Hepliaklqana
Kikubaaqudgha
Makhleb
Nemelex Xobeh
Okawaru
Qazlal
Ru
Sif Muna
Trog
Uskayaw
Vehumet
Wu Jian
Xom
Yredelemnul
Zin
The Shining One
Jiyva

Shops:
D:10 *   D:11 [   D:13 !   Orc:1 *   Orc:2 =?(=   Elf:1 !:   Shoals:1 *
Snake:2 [=:=   Depths:1 :=[*

Portals:
Hell: Depths:1 Depths:2 Depths:3 Depths:4
Abyss: Lair:3 Depths:3 Depths:4
Pandemonium: Depths:1 Depths:2 Depths:3

Annotations:
D:2 1 runed translucent door, Crazy Yiuf
Elf:2 5 runed translucent doors


Innate Abilities, Weirdness & Mutations

You are a living statue of rough stone.
Your actions are slow, but your melee attacks are powerful.
You are resistant to unholy torment.
Your maximum health is greatly increased.
You are immune to poison.
You cannot wear most types of armour.
You are amphibious.
You can wear up to eight rings at the same time.
Your skin changes colour to match your surroundings (Stealth+).
((Your rubbery body absorbs attacks. (AC +1, EV +1)))
((You are camouflaged when in or above water. (Stealth+)))
You have tentacles for arms and can constrict up to eight enemies at once.
((You are partially covered in iridescent scales. (AC +2)))
Your flesh is cold resistant. (rC+)
You passively map a small area around you.


Message History

Blink to where?
Press: ? - help, Dir - move target A demonspawn corrupter and a golden eye come into view.
Found six items.
As you read the scroll of blinking, it crumbles to dust.
The golden eye turns its gaze towards you.
The golden eye changes into a wyvern!
Xumyleji gestures at you.
The bolt of dispelling energy misses you.
The dread lich casts a spell.
Inoad hits you!!
* * * LOW HITPOINT WARNING * * *
Inoad drains your vigour!
You feel as though you will be slow longer.
Unknown command.
Unknown command.
Unknown command.
Unknown command.
Blink to where?
Press: ? - help, Dir - move target
Found thirteen items.
Found two gates leading back out of this place.
Found a stone staircase leading down.
As you read the scroll of blinking, it crumbles to dust.
The wyvern changes into a water moccasin!
Xumyleji is engulfed in a thunderstorm.
Unknown command.
Unknown command.
Unknown command.
Blink to where?
Press: ? - help, Dir - move target
As you read the scroll of blinking, it crumbles to dust.
You are no longer corroded.
The water moccasin changes into a swamp drake!
Xumyleji is engulfed in a thunderstorm.
Xumyleji gestures.
Xumyleji blinks!
Unknown command.
You are engulfed in a thunderstorm.
You resist.
You die...

..........▓
..........▓
...u......▓▓▓▓▓▓▓▓
##.u...###.......▓
2#....#.......▓
##...u.###....:/[▓
.&&.&..§§.k.../[[▓
..T...§§§.§§§§§§∩▓
......§§§....§)&8▓
......§...§§§&§[§▓
..2...§§......:|/▓
##.....###......)▓
L#.....#2#.......▓
##.....###.......▓
...▓▓▓▓▓▓▓▓ , ,
...* ,


You could see Inoad (clouds), Xumyleji and a swamp drake shaped shifter.

Vanquished Creatures
  the Royal Jelly (Slime:5)
  Dissolution (Slime:2)
  A dread lich (Crypt:3)
  5 juggernauts
  2 ancient liches (Vaults:5)
  Mara (Snake:3)
  Frederick (Crypt:2)
  Saint Roka (Snake:3)
  A Killer Klown (Zig:15)
  A caustic shrike (Zig:14)
  6 golden dragons
  The ghost of Yhaurph the Hoplite, an adept MiFi of Okawaru (Vaults:1)
  Jory (Depths:3)
  The ghost of Palms the Cutthroat, an adept MfSu of Wu Jian (Vaults:2)
  2 bone dragons
  2 doom hounds (Crypt:3)
  A Brimstone Fiend (Zig:2)
  A hellephant (Zig:3)
  7 tentacled monstrosities
  Mlioglotl (Snake:4)
  A walking crystal tome (Depths:3)
  2 Hell Sentinels (Zig:14)
  4 liches
  A shard shrike skeleton (Crypt:1)
  4 titans
  Rupert (D:15)
  A quicksilver dragon (shapeshifter) (Zig:15)
  4 deep elf blademasters (Elf:3)
  2 deep elf master archers (Elf:3)
  A walking divine tome (Depths:3)
  Polyphemus (Shoals:2)
  35 acid blobs
  A searing wretch (Zig:1)
  2 eldritch tentacles
  7 sphinxes
  2 krakens
  3 ancient champions
  Grunn (Crypt:3)
  A tentacled starspawn (WizLab)
  Gastronok (Lair:3)
  Kirke (D:14)
  A thorn hunter (Zig:13)
  5 storm dragons
  5 tengu reavers
  9 nagarajas
  4 shadow dragons
  3 draconian monks
  Roxanne (Shoals:4)
  A revenant (Zig:5)
  An emperor scorpion (shapeshifter) (Vaults:5)
  17 rockslimes
  12 fire giants
  2 draconian knights
  23 azure jellies
  5 frost giants
  A fenstrider witch (shapeshifter) (Vaults:5)
  A draconian scorcher (Zig:9)
  4 deep elf elementalists (Elf:3)
  The ghost of Juje the Cruncher, a journeyman DsMo of Gozag (D:15)
  3 iron dragons (Vaults:5)
  4 deep elf sorcerers
  16 vault wardens
  A draconian shifter (Depths:4)
  2 balrugs
  2 orc warlords
  3 ghouls (Crypt:1)
  3 curse skulls
  2 spriggan defenders (Depths:3)
  2 draconian annihilators
  15 ironbound preservers
  6 reapers
  9 quicksilver oozes
  11 very ugly things
  8 ironbound thunderhulks
  11 war gargoyles
  6 formless jellyfish
  The ghost of Duttonia the Stormcaller, a journeyman MeWn of Gozag (Shoals:3)
  2 formless jellyfish (shapeshifter)
  4 draconian stormcallers
  5 deep elf demonologists
  3 green draconians
  A broodmother (Zig:8)
  12 stone giants
  2 black draconians
  7 vampire knights
  5 white draconians
  3 deep elf annihilators
  17 dire elephants
  The ghost of Lyguaf the Arsonist, a journeyman DrFE of Hepliaklqana (Lair:5)
  4 spark wasps (Depths:3)
  2 yellow draconians
  2 red draconians
  4 crystal guardians
  14 merfolk impalers
  10 merfolk javelineers
  14 deep elf death magi
  7 eidola
  The ghost of pigah the Stormcaller, a journeyman OpWn of Gozag (Lair:3)
  11 fire dragons
  20 yaktaur captains
  A green death (Zig:13)
  14 jiangshi
  7 entropy weavers
  11 ettins
  A shambling mangrove (Zig:13)
  11 ice dragons
  4 catoblepae
  A quicksilver dragon skeleton (Crypt:2)
  8 great orbs of eyes
  2 peacekeepers (Vaults:1)
  10 deep elf high priests
  3 rakshasas
  Erolcha (Orc:2)
  2 spriggan skeletons (Crypt:3)
  12 hydras
  A salamander tyrant (Snake:4)
  The ghost of rabbitsville the Markskobold, a journeyman KoHu of Hepliaklqana (Orc:2)
  Erica (D:9)
  3 spriggan air magi
  40 vault guards
  A fenstrider witch zombie (Crypt:3)
  13 ogre magi
  20 centaur warriors
  An anaconda (shapeshifter) (Zig:15)
  9 merfolk avatars
  9 ironbound frosthearts
  3 alligator snapping turtles
  6 death knights
  11 deep troll shamans
  An alligator (Zig:13)
  9 anacondas
  7 boulder beetles
  6 merfolk aquamancers
  3 tengu warriors
  16 dancing weapons
  16 naga warriors
  3 satyrs
  12 two-headed ogres
  10 deep troll earth magi
  2 death yaks (Shoals:2)
  9 vampire magi
  3 spriggan berserkers
  A thrashing horror (WizLab)
  A titan zombie (Depths:2)
  An emperor scorpion zombie (Crypt:1)
  Nergalle (D:11)
  14 deep elf knights
  19 hell knights
  21 naga sharpshooters
  6 shock serpents
  A storm dragon zombie (Depths:2)
  3 spriggans
  17 iron trolls
  4 shadow wraiths
  5 soul eaters
  A bunyip zombie (Crypt:1)
  2 salamander mystics
  2 goliath frogs (Zig:13)
  52 skeletal warriors
  2 pharaoh ants (Zig:8)
  5 skysharks
  40 deep trolls
  A death drake (Zig:13)
  A glowing orange brain (shapeshifter) (Depths:2)
  A swamp dragon (Zig:13)
  18 sea snakes
  3 glowing orange brains
  15 lindwurms
  5 flayed ghosts
  3 bog bodies
  12 phantasmal warriors
  8 orc knights
  3 orb spiders (Zig:8)
  2 steelbarb worms (Zig:8)
  6 naga ritualists
  12 deep elf archers
  2 spriggan druids (Zig:13)
  15 wizards
  3 orange crystal statues
  4 obsidian statues
  16 ironbound convokers
  Pikel (D:7)
  21 harpies
  6 necromancers
  7 shining eyes
  10 mana vipers
  2 wolf spiders
  A shadow dragon skeleton (Crypt:3)
  A jorogumo skeleton (Crypt:1)
  An anaconda skeleton (WizLab)
  A will-o-the-wisp (Zig:13)
  A frost giant zombie (Depths:2)
  31 deep elf pyromancers
  9 orc sorcerers
  A cyclops (shapeshifter) (Vaults:5)
  32 deep elf zephyrmancers
  20 fauns
  5 large abominations
  8 salamanders
  14 merfolk sirens
  5 cyclopes
  15 manticores
  3 worldbinders
  A stone giant skeleton (Vaults:2)
  20 elephants
  48 black mambas
  Maurice (D:9)
  18 ugly things
  7 guardian serpents
  25 naga magi
  4 smoke demons
  3 ice statues
  8 water nymphs
  Joseph (D:9)
  13 vault sentinels
  A titan simulacrum (Vaults:4)
  An apocalypse crab (Zig:15)
  A hellion (WizLab)
  2 torpor snails
  8 eyes of devastation
  4 gargoyles (Crypt:3)
  An orange demon (Depths:2)
  10 cane toads
  2 unseen horrors
  2 centaur skeletons (Crypt:3)
  8 freezing wraiths
  2 anaconda simulacra (IceCv)
  A steelbarb worm zombie (Crypt:1)
  A yellow draconian skeleton (Crypt:1)
  42 yaktaurs
  13 rime drakes
  4 ice devils
  A demonspawn skeleton (WizLab)
  8 komodo dragons
  An efreet (D:15)
  4 guardian mummies (Depths:1)
  6 tengu conjurers
  6 red devils (Crypt:3)
  A merfolk (shapeshifter) (Elf:3)
  An ancient zyme (WizLab)
  4 trolls
  11 wind drakes
  A hellwing (WizLab)
  A hornet (shapeshifter) (D:14)
  2 polar bears
  6 hornets
  54 merfolk
  A wind drake (shapeshifter) (Elf:2)
  4 human skeletons
  A tyrant leech (Zig:13)
  Prince Ribbit (D:9)
  A death drake skeleton (Crypt:1)
  2 polar bears (shapeshifter)
  A harpy skeleton (Crypt:3)
  3 harpy zombies (Crypt:3)
  2 tarantellas (Vaults:5)
  A tarantella zombie (Crypt:1)
  12 snapping turtles
  45 blink frogs
  2 frost giant simulacra (Vaults:2)
  2 snapping turtles (shapeshifter)
  4 ettin zombies
  4 dream sheep (Shoals:4)
  A stone giant simulacrum (Vaults:4)
  84 slime creatures
  Sigmund (D:2)
  5 shadows
  3 air elementals
  A fire elemental (Elf:3)
  6 jumping spiders
  A centaur simulacrum (D:12)
  A yak (shapeshifter) (Vaults:5)
  5 vampires (Crypt:3)
  An ettin skeleton (Crypt:3)
  5 wyverns
  5 basilisks
  2 ynoxinuls
  2 hogs
  14 water elementals
  36 yaks
  A slime creature zombie (Crypt:2)
  A human (D:13)
  12 wraiths
  A redback (Vaults:5)
  10 steam dragons
  2 death yak simulacra (IceCv)
  16 golden eyes
  A redback (shapeshifter) (Vaults:5)
  A chaos spawn (Zig:15)
  A human zombie (Vaults:4)
  3 vampire mosquitoes (D:13)
  7 spatial vortices
  2 wargs
  3 acid dragons
  2 floating eyes
  40 nagas
  21 water moccasins
  2 hell hounds (WizLab)
  Duvessa (D:4)
  A tengu skeleton (WizLab)
  3 ice beasts
  A meliai simulacrum (D:14)
  A swamp drake (Zig:13)
  A sky beast (D:8)
  A black bear (D:8)
  28 orc warriors
  5 boggarts
  A manticore zombie (Crypt:2)
  9 ogres
  19 wolves
  13 centaurs
  2 lemures (D:7)
  2 phantoms
  A kobold brigand (D:6)
  14 bullfrogs
  3 gnoll sergeants
  Blork the orc (D:6)
  5 earth elementals
  A rime drake skeleton (Crypt:1)
  5 necrophages (Crypt:1)
  A scorpion (D:5)
  5 two-headed ogre simulacra (IceCv)
  A cane toad simulacrum (IceCv)
  A wyvern skeleton (Crypt:2)
  15 wights
  Dowan (D:4)
  7 killer bees (D:9)
  5 elephant simulacra (IceCv)
  A yak zombie (Crypt:2)
  5 howler monkeys
  A yak skeleton (Crypt:2)
  An electric eel (Lair:1)
  A vampire bat (Depths:4)
  A centaur zombie (Crypt:2)
  A gnoll bouda (D:8)
  3 hounds (D:6)
  A jelly (D:6)
  14 orc priests
  4 iguanas
  7 hell rats (Lair:5)
  A sleepcap (D:6)
  41 orc wizards
  2 troll simulacra (IceCv)
  2 polar bear simulacra (IceCv)
  4 wolf simulacra (IceCv)
  6 spriggan simulacra (IceCv)
  A naga zombie (Crypt:1)
  3 naga skeletons
  5 mummies
  Robin (D:2)
  2 adders
  15 gnolls
  7 naga simulacra (IceCv)
  2 shadow imps
  14 white imps
  6 ufetubi
  An adder zombie (Crypt:2)
  An adder skeleton (Crypt:2)
  A lava snake skeleton (Crypt:2)
  5 dart slugs
  3 worms (D:2)
  109 orcs
  A spectral bat (Ossuary)
  4 endoplasms
  3 giant cockroaches
  12 gnoll zombies (Ossuary)
  24 goblins
  10 hobgoblins
  7 jackals
  4 quokkas
  9 ball pythons
  9 bats
  4 bat simulacra (Ossuary)
  3 frilled lizards (D:1)
  3 goblin simulacra (Ossuary)
  6 goblin zombies (Ossuary)
  3 hobgoblin zombies (Ossuary)
  15 kobolds
  A kobold simulacrum (Ossuary)
  4 kobold zombies (Ossuary)
  5 orc zombies (Ossuary)
  6 rats
  3 rat simulacra (Ossuary)
  A rat zombie (Crypt:1)
  4 spectral goblins (Ossuary)
  2 spectral kobolds (Ossuary)
  2 spectral rats (Ossuary)
  A lurking horror (WizLab)
  4 tentacles (Shoals:2)
2613 creatures vanquished.

Vanquished Creatures (others)
  A fire giant (Depths:2)
  A formless jellyfish (shapeshifter) (Zig:15)
  A catoblepas (shapeshifter) (Zig:15)
  A deep troll shaman (Depths:4)
  A spriggan berserker (Depths:4)
  A death drake (Zig:13)
  A bog body (IceCv)
  A deep elf archer (Elf:1)
  An ugly thing (Zig:15)
  A chaos spawn (Zig:15)
  An acid dragon (shapeshifter) (Zig:15)
  2 earth elementals
  3 ball lightnings (Zig:15)
  3 foxfires (Zig:13)
  2 starspawn tentacles (WizLab)
  8 tentacles (Shoals:2)
29 creatures vanquished.

Grand Total: 2642 creatures vanquished

Notes
Turn   | Place    | Note
-------+----------+-------------------------------------------
     0 | D:1      | TittyCrusher the Octopode Transmuter began the quest for
                  | the Orb.
     0 | D:1      | Reached XP level 1. HP: 13/13 MP: 3/3
   174 | D:1      | Reached XP level 2. HP: 18/18 MP: 5/5
   182 | D:1      | Learned a level 2 spell: Wereblood
   477 | D:1      | Reached XP level 3. HP: 23/23 MP: 6/6
   481 | D:1      | Learned a level 3 spell: Spider Form
   578 | D:1      | Reached skill level 1 in Poison Magic
  1056 | D:2      | Noticed Sigmund
  1252 | D:2      | Killed Sigmund
  1253 | D:2      | Reached skill level 5 in Poison Magic
  1253 | D:2      | Reached XP level 4. HP: 22/28 MP: 7/7
  1253 | D:2      | Reached XP level 5. HP: 26/33 MP: 8/8
  1421 | D:2      | Noticed Robin
  1429 | D:2      | Killed Robin
  1430 | D:2      | Reached XP level 6. HP: 38/38 MP: 7/9
  1461 | D:2      | Found a runed translucent door.
  1462 | D:2      | Noticed Crazy Yiuf
  2802 | D:3      | Found a faded altar of an unknown god.
  3064 | D:4      | Found a glowing golden altar of the Shining One.
  3090 | D:4      | Found a radiant altar of Vehumet.
  3189 | D:4      | Reached skill level 4 in Unarmed Combat
  3242 | D:4      | Found a glowing silver altar of Zin.
  3243 | D:4      | Noticed an angel
  3490 | D:4      | Noticed Duvessa
  3507 | D:4      | Killed Duvessa
  3508 | D:4      | Reached skill level 5 in Unarmed Combat
  3508 | D:4      | Reached XP level 7. HP: 25/43 MP: 7/10
  3572 | D:4      | Noticed Dowan
  3586 | D:4      | Killed Dowan
  3873 | D:4      | Found a sacrificial altar of Ru.
  3952 | D:5      | Entered Level 5 of the Dungeon
  4101 | D:5      | Reached skill level 6 in Unarmed Combat
  4385 | D:5      | Reached skill level 7 in Unarmed Combat
  4473 | D:5      | Reached XP level 8. HP: 39/48 MP: 8/11
  4990 | D:5      | Reached skill level 8 in Unarmed Combat
  5225 | D:6      | Reached skill level 5 in Dodging
  5529 | D:6      | Reached XP level 9. HP: 55/55 MP: 8/12
  5894 | D:6      | Noticed Blork the orc
  5904 | D:6      | Killed Blork the orc
  6138 | D:7      | Found a sand-covered staircase.
  6144 | Ossuary  | Entered an ossuary
  6554 | D:7      | Learned a level 4 spell: Ice Form
  6699 | D:7      | Reached skill level 9 in Unarmed Combat
  6717 | D:7      | Gained mutation: You are partially covered in iridescent
                  | scales. (AC +2) [potion of mutation]
  6717 | D:7      | Gained mutation: Your flesh is cold resistant. (rC+)
                  | [potion of mutation]
  6878 | D:7      | Noticed Pikel
  6890 | D:7      | Killed Pikel
  6891 | D:7      | Reached skill level 10 in Unarmed Combat
  7318 | D:7      | Found a staircase to the Ecumenical Temple.
  7328 | Temple   | Entered the Ecumenical Temple
  7333 | Temple   | Became a worshipper of Cheibriados the Contemplative
  7438 | D:7      | Reached skill level 11 in Unarmed Combat
  7451 | D:7      | Identified the +0 war axe "Gammoet" {freeze, Str+4 Dex+3}
  7455 | D:7      | Found an iron altar of Okawaru.
  7474 | D:7      | Reached XP level 10. HP: 50/61 MP: 9/13
  7564 | D:7      | Found a runed translucent door.
  7648 | D:7      | Reached * piety under Cheibriados
  7995 | D:8      | Reached skill level 1 in Ice Magic
  8094 | D:8      | Found a staircase to the Lair.
  8172 | D:8      | Reached ** piety under Cheibriados
  8618 | D:8      | Noticed a centaur warrior
  8631 | D:8      | Killed a centaur warrior
  8632 | D:8      | Reached skill level 5 in Ice Magic
  8645 | D:8      | Noticed a boulder beetle
  8662 | D:8      | Killed a boulder beetle
  8830 | Lair:1   | Entered Level 1 of the Lair of Beasts
  8830 | Lair:1   | Noticed an elephant
  8830 | Lair:1   | Noticed an elephant
  8832 | Lair:1   | Noticed an elephant
  8834 | Lair:1   | Noticed an elephant
  8836 | Lair:1   | Noticed an elephant
  8847 | D:8      | Killed an elephant
  8848 | D:8      | Reached skill level 5 in Transmutations
  8929 | D:8      | Reached skill level 14 in Unarmed Combat
  8929 | D:8      | Reached XP level 11. HP: 69/69 MP: 14/14
  9077 | Lair:1   | Reached XP level 12. HP: 74/74 MP: 11/15
  9216 | Lair:1   | Reached *** piety under Cheibriados
  9217 | Lair:1   | Reached skill level 15 in Unarmed Combat
  9875 | Lair:1   | You fall into a shaft and drop 1 floor!
 10112 | Lair:2   | Noticed a five-headed hydra
 10119 | Lair:2   | Killed a five-headed hydra
 10757 | Lair:2   | Reached **** piety under Cheibriados
 11202 | Lair:2   | Reached skill level 10 in Dodging
 11397 | Lair:2   | Reached XP level 13. HP: 58/79 MP: 11/16
 11412 | Lair:2   | Reached ***** piety under Cheibriados
 12174 | Lair:2   | Reached skill level 1 in Invocations
 12700 | Lair:1   | Reached skill level 5 in Invocations
 13164 | Lair:3   | Noticed Gastronok
 13314 | Lair:3   | Killed Gastronok
 13383 | Lair:3   | Identified a scroll of acquirement
 13383 | Lair:3   | Acquired the ring of Ziem Mim {*Corrode rElec rN+++ Will++
                  | EV+5 Int-3}
 13386 | Lair:3   | Found a one-way gate to the infinite horrors of the Abyss.
 13642 | Lair:3   | Found a frozen archway.
 13675 | IceCv    | Entered an ice cave
 14043 | IceCv    | Identified the +7 ring mail "Seonaana" {Will+ Str+6}
 14076 | IceCv    | Reached ****** piety under Cheibriados
 14374 | IceCv    | Identified the staff "Qeneqyff" {Str+2 Conj}
 14383 | IceCv    | Identified the +6 shortbow "Tiv Ampa" {flame, Fragile
                  | Will++}
 14609 | Lair:3   | Reached skill level 16 in Unarmed Combat
 14797 | Lair:3   | Noticed pigah's ghost (journeyman OpWn)
 14811 | Lair:3   | Noticed a rakshasa
 14812 | Lair:3   | Identified the +1 leather armour "Fuig" {*Slow rF- Regen+
                  | Str+9}
 14906 | Lair:3   | Found a staircase to the Shoals.
 14983 | Lair:3   | Reached XP level 14. HP: 85/85 MP: 17/19
 15005 | Lair:3   | Found a staircase to the Snake Pit.
 15130 | Lair:3   | Reached skill level 17 in Unarmed Combat
 15311 | Lair:3   | Found a transporter.
 15351 | Lair:3   | Found a transporter.
 15683 | Lair:4   | Found a staircase to the Slime Pits.
 15683 | Lair:4   | Found a viscous altar of Jiyva.
 16350 | Lair:5   | Entered Level 5 of the Lair of Beasts
 16462 | Lair:5   | Reached skill level 18 in Unarmed Combat
 17092 | Lair:5   | Found a runed translucent gate.
 17093 | Lair:5   | Noticed an acid blob
 17094 | Lair:5   | Found a runed translucent gate.
 17094 | Lair:5   | Found a runed translucent gate.
 17094 | Lair:5   | Noticed an acid blob
 17094 | Lair:5   | Noticed an acid blob
 17094 | Lair:5   | Noticed an azure jelly
 17094 | Lair:5   | Noticed an azure jelly
 17095 | Lair:5   | Noticed Lyguaf's ghost (journeyman DrFE)
 17095 | Lair:5   | Noticed an acid blob
 17096 | Lair:5   | Noticed an acid blob
 17096 | Lair:5   | Noticed an azure jelly
 17097 | Lair:5   | Noticed an acid blob
 17099 | Lair:5   | Found a viscous altar of Jiyva.
 17321 | Lair:5   | Reached skill level 19 in Unarmed Combat
 17653 | D:8      | Found an opulent altar of Gozag.
 17762 | D:8      | Identified the +1 scale mail of a ziggurat {Harm +Inv rElec
                  | Slay-2}
 17873 | D:9      | Noticed Prince Ribbit
 17877 | D:9      | Killed Prince Ribbit
 17984 | D:9      | Noticed Erica
 17998 | D:9      | Killed Erica
 18088 | D:9      | Noticed Maurice
 18096 | D:9      | Killed Maurice
 18148 | D:9      | Noticed Joseph
 18167 | D:9      | Killed Joseph
 18461 | D:10     | Entered Level 10 of the Dungeon
 18628 | D:10     | Found a hide-covered altar of Uskayaw.
 18724 | D:10     | Found a blossoming altar of Fedhas.
 18725 | D:10     | Found a shadowy altar of Dithmenos.
 18725 | D:10     | Found a shimmering blue altar of Sif Muna.
 18726 | D:10     | Found a hazy altar of Hepliaklqana.
 18727 | D:10     | Found an ornate altar of the Wu Jian Council.
 18729 | D:10     | Found a basalt altar of Yredelemnul.
 18897 | D:10     | Found Lysaf's General Store.
 18908 | D:10     | Bought a scroll of fear for 48 gold pieces
 18908 | D:10     | Bought a scroll of fear for 48 gold pieces
 19246 | D:10     | Found a stormy altar of Qazlal.
 19348 | D:11     | Reached XP level 15. HP: 90/90 MP: 20/20
 19420 | D:11     | Found a staircase to the Orcish Mines.
 19425 | D:11     | Found Fucirch's Armour Emporium.
 19929 | D:11     | Noticed Nergalle
 19941 | D:11     | Killed Nergalle
 20314 | D:12     | Reached skill level 20 in Unarmed Combat
 20321 | D:12     | Noticed a storm dragon
 20361 | D:12     | Killed a storm dragon
 20953 | D:12     | Identified the ring "Voebejec" {Fly rF- rCorr MP+9 SInv}
 21972 | D:13     | Found Idompeh's Distillery.
 22452 | D:14     | Noticed Kirke
 22465 | D:14     | Killed Kirke
 23158 | D:14     | Reached skill level 10 in Invocations
 23420 | D:14     | Learned a level 5 spell: Blade Hands
 23429 | D:14     | Learned a level 7 spell: Dragon Form
 24182 | Orc:1    | Entered Level 1 of the Orcish Mines
 24296 | Orc:2    | Entered Level 2 of the Orcish Mines
 24579 | Orc:1    | Found Yfaax's General Store.
 24595 | Orc:1    | Bought a scroll of fear for 68 gold pieces
 24595 | Orc:1    | Bought a scroll of fog for 68 gold pieces
 24595 | Orc:1    | Bought a scroll of butterflies for 68 gold pieces
 25023 | Orc:2    | Found a staircase to the Elven Halls.
 25023 | Orc:2    | Found a runed translucent gate.
 25023 | Orc:2    | Found a runed translucent gate.
 25023 | Orc:2    | Found a runed translucent gate.
 25024 | Orc:2    | Noticed rabbitsville's ghost (journeyman KoHu)
 25025 | Orc:2    | Found an iron altar of Okawaru.
 25082 | Orc:2    | Reached XP level 16. HP: 90/95 MP: 14/25
 25478 | Orc:2    | Found Haedus's Antique Weapon Emporium.
 25508 | Orc:2    | Found a radiant altar of Vehumet.
 25509 | Orc:2    | Noticed Erolcha
 25518 | Orc:2    | Killed Erolcha
 25548 | Orc:2    | Found an ancient bone altar of Kikubaaqudgha.
 25579 | Orc:2    | Found Wihi Ura's Jewellery Emporium.
 25604 | Orc:2    | Found Konuk's Magic Scroll Shoppe.
 25612 | Orc:2    | Found Sisesash's Jewellery Shoppe.
 25960 | Orc:2    | Bought a +6 ring of strength for 504 gold pieces
 25960 | Orc:2    | Bought a +5 ring of evasion for 504 gold pieces
 25984 | Orc:2    | Bought the ring "Circh" {rElec rPois Will+ rCorr Stlth+}
                  | for 605 gold pieces
 25984 | Orc:2    | Bought the ring of Sokekaiwk {*Corrode Int+4 Dex+6} for 595
                  | gold pieces
 26135 | Orc:2    | Bought a scroll of teleportation for 39 gold pieces
 26135 | Orc:2    | Bought a scroll of fear for 52 gold pieces
 26135 | Orc:2    | Bought a scroll of teleportation for 39 gold pieces
 26135 | Orc:2    | Bought a scroll of revelation for 97 gold pieces
 26135 | Orc:2    | Bought a scroll of immolation for 52 gold pieces
 26295 | D:15     | Entered Level 15 of the Dungeon
 26893 | D:15     | Noticed Rupert
 26901 | D:15     | Killed Rupert
 27328 | D:15     | Noticed a tengu reaver
 27331 | D:15     | Killed a tengu reaver
 27363 | D:15     | Found the sphere of Battle
 27463 | D:15     | Found a runed translucent gate.
 27463 | D:15     | Found a runed translucent gate.
 27463 | D:15     | Found a runed translucent gate.
 27467 | D:15     | Noticed Juje's ghost (journeyman DsMo)
 27483 | D:15     | Killed Juje's ghost
 27484 | D:15     | Reached skill level 10 in Transmutations
 27550 | D:15     | Found a staircase to the Depths.
 28073 | Snake:1  | Entered Level 1 of the Snake Pit
 28087 | Snake:1  | Reached skill level 1 in Shields
 28202 | Snake:1  | Found an opulent altar of Gozag.
 28473 | Snake:1  | Reached skill level 5 in Shields
 29032 | Snake:2  | Acquired the +2 buckler of Fortification {Harm rN+ Will-}
 29114 | Snake:2  | Reached XP level 17. HP: 99/99 MP: 20/26
 29832 | Snake:2  | Found Rysaborgh's Armour Shoppe.
 29883 | Snake:2  | Found Taruym Jomu's Jewellery Emporium.
 29884 | Snake:2  | Found Pudghut's Book Boutique.
 29885 | Snake:2  | Found Saocic's Jewellery Emporium.
 30290 | Snake:3  | Noticed Mara
 30305 | Snake:3  | Killed Mara
 30843 | Snake:3  | Noticed Saint Roka
 31410 | Snake:3  | Killed Saint Roka
 31411 | Snake:3  | Reached skill level 5 in Spellcasting
 31838 | Snake:2  | Bought the amulet of Intercession {Regen+ Str+5 Dex+3} for
                  | 753 gold pieces
 31918 | Snake:4  | Entered Level 4 of the Snake Pit
 32102 | Snake:4  | Reached XP level 18. HP: 106/106 MP: 21/28
 32324 | Snake:4  | Noticed Mlioglotl
 32328 | Snake:4  | Killed Mlioglotl
 32971 | Snake:4  | Reached skill level 10 in Spellcasting
 33249 | Snake:4  | Got a serpentine rune of Zot
 33423 | Shoals:1 | Entered Level 1 of the Shoals
 33563 | Shoals:1 | Reached skill level 1 in Stealth
 33849 | Shoals:1 | Found Wiudot's Island Escapes.
 33860 | Shoals:1 | Bought a scroll of blinking for 112 gold pieces
 33860 | Shoals:1 | Bought a scroll of blinking for 112 gold pieces
 33979 | Shoals:1 | Reached skill level 5 in Stealth
 34346 | Shoals:2 | Reached skill level 5 in Fighting
 34552 | Shoals:2 | Noticed Polyphemus
 34563 | Shoals:2 | Reached XP level 19. HP: 116/116 MP: 25/34
 34572 | Shoals:2 | Killed Polyphemus
 34717 | Shoals:2 | Found a shadowy altar of Dithmenos.
 35604 | Shoals:3 | Found a runed translucent gate.
 35604 | Shoals:3 | Found a runed translucent gate.
 35604 | Shoals:3 | Found a runed translucent gate.
 35996 | Shoals:3 | Noticed Duttonia's ghost (journeyman MeWn)
 36012 | Shoals:4 | Entered Level 4 of the Shoals
 36111 | Shoals:4 | Identified the +8 shortbow of the Grave {flame, rN+}
 36184 | Shoals:4 | Reached skill level 10 in Fighting
 36234 | Shoals:4 | Identified the +1 shortbow of the Blushing Big Fish
                  | {antimagic, Str+3 Stlth+}
 36491 | Shoals:4 | Got a barnacled rune of Zot
 36566 | Shoals:4 | Identified the +4 war axe of Norroics {heavy, Stlth+}
 36730 | Shoals:4 | Identified the +0 dagger of the Special Tusks {speed,
                  | Stlth+}
 36748 | Shoals:4 | Identified Roxanne's Grimoire of the Quake
 36748 | Shoals:4 | Noticed Roxanne
 37004 | Shoals:4 | Killed Roxanne
 37014 | Shoals:4 | Learned a level 6 spell: Statue Form
 37360 | Elf:1    | Entered Level 1 of the Elven Halls
 37383 | Elf:1    | Reached skill level 1 in Earth Magic
 37507 | Elf:1    | Reached skill level 5 in Earth Magic
 37757 | Elf:1    | Found Non Rag's Self-Improvement Boutique.
 37847 | Elf:1    | Found Doged's Distillery.
 37889 | Elf:1    | Reached XP level 20. HP: 121/136 MP: 35/35
 38121 | Elf:2    | Found a magical portal.
 38134 | WizLab   | Entered The Roulette of Golubria
 38134 | WizLab   | Found a transporter.
 38138 | WizLab   | Found a corrupted altar of Lugonu.
 38179 | WizLab   | Found a transporter.
 38206 | WizLab   | Found a transporter.
 38262 | WizLab   | Found a transporter.
 38324 | WizLab   | Found a transporter.
 38338 | WizLab   | Learned a level 1 spell: Apportation
 38368 | WizLab   | Found a transporter.
 38406 | WizLab   | Found a transporter.
 38410 | WizLab   | Found a corrupted altar of Lugonu.
 38419 | WizLab   | Found a transporter.
 38458 | WizLab   | Found a transporter.
 38492 | WizLab   | Found a transporter.
 38603 | WizLab   | Found a transporter.
 38603 | WizLab   | Found a transporter.
 38695 | WizLab   | Found a transporter.
 38714 | WizLab   | Learned a level 2 spell: Lesser Beckoning
 38745 | WizLab   | Found a transporter.
 38745 | WizLab   | Found a transporter.
 38749 | WizLab   | Reached skill level 1 in Translocations
 38776 | WizLab   | Found a transporter.
 38776 | WizLab   | Found a transporter.
 38797 | WizLab   | Found a transporter.
 38923 | WizLab   | Found a transporter.
 38923 | WizLab   | Found a transporter.
 38933 | WizLab   | Identified the +1 cloak of the Robin {rN+}
 38938 | WizLab   | Got Golubria's Omnibus of Points
 38953 | WizLab   | Identified the +0 cloak "Fujegun" {Contam rC+ Stlth+}
 38960 | WizLab   | Identified the +0 cloak of Doomed Salvation {rN+ MP+9}
 39044 | Elf:2    | Paralysed by an air elemental for 1 turns
 39075 | Elf:2    | Reached skill level 10 in Shields
 39163 | Elf:2    | Found a huge runed translucent gate.
 39163 | Elf:2    | Found a huge runed translucent gate.
 39163 | Elf:2    | Found a huge runed translucent gate.
 39163 | Elf:2    | Found a huge runed translucent gate.
 39163 | Elf:2    | Found a huge runed translucent gate.
 39583 | Elf:3    | Entered Level 3 of the Elven Halls
 39946 | Elf:3    | Found a portal to a secret trove of treasure.
 40438 | Elf:3    | Identified the +0 halberd "Bojib" {freeze, rElec Stlth+}
 40463 | Elf:3    | Identified the ring of False Hope {rElec Str-5 Dex+6 SInv}
 40531 | Elf:3    | Identified the +9 glaive of the Dragonfly {freeze, Fragile
                  | rElec Str+2 Int+7}
 40539 | Elf:3    | Identified the amulet "Oreirgha" {Fly rElec Regen+ Int-4
                  | Dex+2}
 40551 | Elf:3    | Identified the +4 mace of a bailey {pain, rN++ rCorr}
 40558 | Elf:3    | Identified the staff of Objectivity {rElec rN+ Necro}
 40573 | Elf:3    | Identified the +3 hand axe of the Hall of Blades {protect,
                  | *Slow rN+ Will++}
 40584 | Elf:3    | Identified the +1 scimitar "Saitaps" {flame, rPois}
 40602 | Elf:3    | Got the Codex of Virous Elsewhere
 40606 | Elf:3    | Identified the +0 halberd of the Sharing Gods {vamp,
                  | Fragile Will+ Int+3}
 41081 | Lair:5   | Reached XP level 21. HP: 142/142 MP: 28/36
 41099 | Lair:5   | Killed Lyguaf's ghost
 41112 | Lair:5   | Identified the amulet of the Philosopher {Acrobat Rampage
                  | rPois Will+}
 41774 | D:13     | Found a gate to the Vaults.
 42148 | Lair:3   | Killed pigah's ghost
 42254 | Shoals:3 | Killed Duttonia's ghost
 42268 | Shoals:3 | Identified the +1 pair of boots of the Moneychanger {-Tele
                  | Will++ Regen+ SInv}
 42574 | Orc:2    | Killed rabbitsville's ghost
 42584 | Orc:2    | Reached skill level 15 in Dodging
 42593 | Orc:2    | Identified the +7 glaive "Leqeetzo" {freeze, Str+4 Dex+4}
 42720 | Vaults:1 | Entered Level 1 of the Vaults
 42917 | Vaults:1 | Found a gateway to a bazaar.
 42933 | Vaults:1 | Reached skill level 21 in Unarmed Combat
 42966 | Bazaar   | Entered a bazaar
 43000 | Bazaar   | Found Ipnuvem's Assorted Antiques.
 43000 | Bazaar   | Found Soil's Distillery.
 43022 | Bazaar   | Found Ogeypn's Antique Armour Shoppe.
 43070 | Bazaar   | Bought a potion of cancellation for 72 gold pieces
 43070 | Bazaar   | Bought a potion of heal wounds for 45 gold pieces
 43070 | Bazaar   | Bought a potion of curing for 27 gold pieces
 43070 | Bazaar   | Bought a potion of curing for 27 gold pieces
 43070 | Bazaar   | Bought a potion of curing for 27 gold pieces
 43070 | Bazaar   | Bought a potion of curing for 27 gold pieces
 43070 | Bazaar   | Bought a potion of curing for 27 gold pieces
 43076 | Bazaar   | Bought a scroll of blinking for 187 gold pieces
 43693 | Vaults:1 | Found a runed translucent door.
 43693 | Vaults:1 | Noticed Yhaurph's ghost (adept MiFi)
 43769 | Vaults:1 | Killed Yhaurph's ghost
 43774 | Vaults:1 | Identified the staff of the Warrior {rElec Will+ Str-2
                  | Dex+6 Conj}
 44074 | Vaults:1 | Reached skill level 22 in Unarmed Combat
 44272 | Vaults:2 | Reached XP level 22. HP: 148/148 MP: 29/37
 45019 | Vaults:2 | Found a runed translucent door.
 45019 | Vaults:2 | Found a shimmering altar of Xom.
 45019 | Vaults:2 | Noticed Palms's ghost (adept MfSu)
 45135 | Vaults:2 | Reached skill level 23 in Unarmed Combat
 45266 | Vaults:2 | Killed Palms's ghost
 45392 | Vaults:3 | You fall into a shaft and drop 1 floor!
 46012 | Vaults:4 | Reached skill level 24 in Unarmed Combat
 46390 | Vaults:4 | Learned a level 8 spell: Necromutation
 46422 | Vaults:4 | Reached skill level 1 in Necromancy
 46769 | Vaults:3 | Found a staircase to the Crypt.
 46769 | Vaults:3 | Found a basalt altar of Yredelemnul.
 46772 | Vaults:3 | Found an ancient bone altar of Kikubaaqudgha.
 47117 | Vaults:3 | Reached skill level 5 in Necromancy
 47123 | Vaults:3 | Reached XP level 23. HP: 153/153 MP: 34/38
 48060 | Slime:1  | Entered Level 1 of the Pits of Slime
 48131 | Slime:1  | Found a shimmering altar of Xom.
 48239 | Slime:5  | Entered Level 5 of the Pits of Slime
 48261 | Slime:5  | Reached skill level 10 in Necromancy
 48286 | Slime:5  | Noticed the Royal Jelly
 48622 | Slime:2  | Noticed Dissolution
 48635 | Slime:2  | Killed Dissolution
 49378 | Slime:1  | Gained mutation: You passively map a small area around you.
                  | [a shining eye]
 50023 | Slime:5  | Found the +8 demon trident "Rift" {distort, reach+}
 50024 | Slime:5  | Found a viscous altar of Jiyva.
 50062 | Slime:5  | Killed the Royal Jelly
 50063 | Slime:5  | Reached XP level 24. HP: 130/160 MP: 28/38
 50175 | Slime:5  | Got a slimy rune of Zot
 50199 | Slime:5  | Got Likul's Incunabulum of the Electric Union
 50235 | Slime:5  | Identified the +0 ring mail of Rarucop {Drain Will+ rCorr}
 50345 | Lair:4   | Learned a level 7 spell: Storm Form
 50600 | Depths:1 | Entered Level 1 of the Depths
 50600 | Depths:1 | Found a one-way gate leading to the halls of Pandemonium.
 50675 | Depths:1 | Found Xefoapeonn's Assorted Antiques.
 50675 | Depths:1 | Found Kinamp's Book Shoppe.
 50676 | Depths:1 | Found Jukoma's Jewellery Shoppe.
 50680 | Depths:1 | Found Ryarhi's Antique Armour Emporium.
 50686 | Depths:1 | Bought a dazzling tower shield for 190 gold pieces
 50686 | Depths:1 | Identified the +0 tower shield of Good Intentions {Rampage
                  | Int+2 Slay+2} (You bought it in a shop on level 1 of the
                  | Depths)
 50693 | Depths:1 | Bought a potion of heal wounds for 170 gold pieces
 50693 | Depths:1 | Bought a potion of curing for 102 gold pieces
 50693 | Depths:1 | Bought a potion of mutation for 272 gold pieces
 50693 | Depths:1 | Bought a potion of magic for 272 gold pieces
 51014 | Depths:1 | Found a glowing golden altar of the Shining One.
 51223 | Depths:1 | Found a gateway to Hell.
 51303 | Depths:2 | Reached skill level 15 in Transmutations
 51378 | Depths:2 | Reached skill level 15 in Necromancy
 52175 | Crypt:1  | Entered Level 1 of the Crypt
 53250 | Crypt:2  | Reached XP level 25. HP: 165/165 MP: 38/38
 53574 | Crypt:2  | Noticed Frederick
 53581 | Crypt:2  | Killed Frederick
 53754 | Crypt:3  | Entered Level 3 of the Crypt
 54057 | Crypt:3  | Identified the +8 plate armour of Mocyt {Harm rElec rN+
                  | Str+2}
 54255 | Crypt:3  | Found a staircase to the Tomb.
 54284 | Crypt:3  | Identified the staff of Righteous Anger {*Corrode rN+ Int+3
                  | Dex+3 Necro}
 54503 | Crypt:3  | Noticed Grunn
 54511 | Crypt:3  | Killed Grunn
 54700 | Crypt:3  | Found an ancient bone altar of Kikubaaqudgha.
 54727 | Crypt:3  | Identified the staff of Valiance {rC+ Str-2 Int+4 Ice}
 54736 | Crypt:3  | Noticed a dread lich
 54741 | Crypt:3  | Killed a dread lich
 54742 | Crypt:3  | Reached skill level 25 in Unarmed Combat
 55499 | Elf:3    | You paid a toll of 17 potions of curing to enter a treasure
                  | trove
 55500 | Trove    | Entered a treasure trove
 55505 | Trove    | Found the +2 hat of the Bear Spirit {Spirit, Bear, *Rage
                  | Will++}
 55517 | Trove    | Identified the +5 kite shield of the Gusle {Dex+2}
 55526 | Trove    | Identified the +1 lajatang of the Last Knives {pain, Contam
                  | rC+ Int+3 Stlth+}
 55570 | Elf:3    | Acquired the +6 Majin-Bo {spellvamp, MP+6 Int+6}
 55570 | Elf:3    | Found the +6 Majin-Bo {spellvamp, MP+6 Int+6}
 55816 | Depths:3 | Reached skill level 1 in Evocations
 55827 | Depths:3 | Paralysed by a floating eye for 4 turns
 55887 | Depths:3 | Noticed Jory
 55894 | Depths:3 | Killed Jory
 55965 | Depths:3 | Found an ornate altar of the Wu Jian Council.
 56020 | Depths:3 | Reached skill level 5 in Evocations
 56029 | Depths:3 | Noticed a juggernaut
 56029 | Depths:3 | Noticed a juggernaut
 56031 | Depths:3 | Killed a juggernaut
 56038 | Depths:3 | Killed a juggernaut
 56083 | Depths:3 | Noticed a juggernaut
 56087 | Depths:3 | Killed a juggernaut
 56319 | Depths:3 | Found a one-way gateway to a ziggurat.
 56526 | Depths:3 | Identified the ring "Axutuun" {rPois MP+9 EV+5}
 56791 | Depths:4 | Entered Level 4 of the Depths
 56851 | Depths:1 | Bought an Everburning Encyclopedia for 432 gold pieces
 57117 | Vaults:4 | Learned a level 8 spell: Ignition
 57422 | Depths:4 | Reached skill level 1 in Fire Magic
 57431 | Depths:4 | Found a gate to the Realm of Zot.
 57436 | Depths:4 | Reached XP level 26. HP: 171/171 MP: 37/38
 57459 | Depths:4 | Reached skill level 5 in Fire Magic
 57612 | Depths:4 | Found a shimmering altar of Xom.
 57744 | Depths:4 | Got the Guidebook on the Legion
 57978 | Depths:4 | Found a shadowy altar of Dithmenos.
 58078 | Depths:4 | Got Sif Muna's Vademecum on the Geodesic
 58261 | Depths:4 | Got the Octavo of Curses
 58422 | Depths:4 | Got Sif Muna's Guidebook on the Body
 58755 | Depths:4 | Identified the +7 leather armour "Wety" {Int+2}
 59153 | Vaults:5 | Entered Level 5 of the Vaults
 59182 | Vaults:5 | Reached skill level 10 in Fire Magic
 59203 | Vaults:5 | Reached skill level 1 in Air Magic
 59236 | Vaults:5 | Reached skill level 5 in Air Magic
 59433 | Vaults:5 | Identified the +11 battleaxe "Jeunkuv" {flame, rPois rF+
                  | Str+3}
 59489 | Vaults:5 | Reached skill level 10 in Air Magic
 59505 | Vaults:5 | Noticed an ancient lich
 59505 | Vaults:5 | Noticed an ancient lich
 59514 | Vaults:5 | Killed an ancient lich
 59515 | Vaults:5 | Reached XP level 27. HP: 161/176 MP: 34/38
 59516 | Vaults:5 | Killed an ancient lich
 59634 | Vaults:5 | Identified the ring of Navoqoc {rPois rF- Str+4 Int+6}
 59700 | Vaults:5 | Identified the +6 demon whip of Tyef {pain, Dex+4}
 60216 | Vaults:5 | Got a silver rune of Zot
 60221 | Vaults:5 | Identified the staff "Pyops" {rElec rF+ rC+ Int-2 Dex+3
                  | Fire}
 60794 | Depths:1 | Bought a +6 ring of dexterity for 504 gold pieces
 60811 | Depths:1 | Learned a level 9 spell: Polar Vortex
 61676 | D:13     | Bought a potion of lignification for 33 gold pieces
 61676 | D:13     | Bought a potion of ambrosia for 88 gold pieces
 61676 | D:13     | Bought a potion of cancellation for 88 gold pieces
 61676 | D:13     | Bought a potion of invisibility for 88 gold pieces
 61676 | D:13     | Bought a potion of might for 44 gold pieces
 61676 | D:13     | Bought a potion of attraction for 33 gold pieces
 61821 | Elf:1    | Bought a potion of ambrosia for 128 gold pieces
 61821 | Elf:1    | Bought a potion of mutation for 128 gold pieces
 61821 | Elf:1    | Bought a potion of ambrosia for 128 gold pieces
 61821 | Elf:1    | Bought a potion of ambrosia for 128 gold pieces
 61821 | Elf:1    | Bought a potion of brilliance for 64 gold pieces
 61821 | Elf:1    | Bought a potion of resistance for 160 gold pieces
 61821 | Elf:1    | Bought a potion of brilliance for 64 gold pieces
 62019 | Zig:1    | Entered Level 1 of a ziggurat
 62033 | Zig:2    | Entered Level 2 of a ziggurat
 62052 | Zig:3    | Entered Level 3 of a ziggurat
 62087 | Zig:4    | Entered Level 4 of a ziggurat
 62276 | Zig:5    | Entered Level 5 of a ziggurat
 62300 | Zig:5    | Got the Discursus on Dark Ensorcelling
 62306 | Zig:6    | Entered Level 6 of a ziggurat
 62308 | Zig:6    | Noticed a juggernaut
 62308 | Zig:6    | Noticed a juggernaut
 62314 | Zig:6    | Killed a juggernaut
 62317 | Zig:6    | Killed a juggernaut
 62352 | Zig:7    | Entered Level 7 of a ziggurat
 62396 | Zig:7    | Identified the +1 glaive of the Snake Pit {heavy, rF+}
 62448 | Zig:8    | Entered Level 8 of a ziggurat
 62456 | Zig:8    | Found the +8 mithril axe "Arga" {speed, Will+}
 62508 | Zig:8    | Acquired a +1 tower shield of positive energy
 62511 | Zig:8    | Identified the staff "Sosse" {rN+ Stlth+ Necro}
 62519 | Zig:9    | Entered Level 9 of a ziggurat
 62630 | Zig:9    | Identified the +1 robe of the Tick {rC+ Slay+3}
 62632 | Zig:9    | Identified the +6 plate armour of the Garden {rN+}
 62654 | Zig:10   | Entered Level 10 of a ziggurat
 62759 | Zig:10   | Identified the staff "Cadipulu" {rElec rCorr Stlth+ Conj}
 62762 | Zig:10   | Identified the +6 trident of the Nexus {freeze, *Rage
                  | Will+++ Int+3}
 62766 | Zig:10   | Identified the staff of the Lost Places {rF+ Int+3 Conj}
 62810 | Zig:11   | Entered Level 11 of a ziggurat
 62842 | Zig:11   | Reached skill level 15 in Ice Magic
 62868 | Zig:11   | Identified the +1 ring mail of Lugonu's Condemnation {rC+
                  | Will+}
 62870 | Zig:11   | Identified the ring of Geshroox {rElec Int+6 Dex+2}
 62874 | Zig:11   | Identified the staff "Pissall" {Fragile rPois rC+++ Str+6
                  | Earth Poison}
 62878 | Zig:11   | Identified the +4 halberd "Jyxakin" {flame, *Corrode
                  | Will+++ Str+2}
 62892 | Zig:12   | Entered Level 12 of a ziggurat
 62964 | Zig:12   | Got the Discourse on Lightning
 62966 | Zig:12   | Identified the staff of Foolhardiness {+Blink rN+ Int+2
                  | SInv Stlth+ Necro}
 62986 | Zig:13   | Entered Level 13 of a ziggurat
 63052 | Zig:13   | Found the +3 Elemental Staff {rElec rF+ rC+ AC+3}
 63106 | Zig:13   | Identified the ring of Udawig {rElec rN++ Str+6 Dex-4 SInv}
 63122 | Zig:13   | Learned a level 2 spell: Blink
 63129 | Zig:14   | Entered Level 14 of a ziggurat
 63163 | Zig:14   | Reached skill level 5 in Translocations
 63191 | Zig:14   | Identified the ring of Boisis {rPois Dex+6 SInv}
 63194 | Zig:15   | Entered Level 15 of a ziggurat
 63227 | Zig:15   | Noticed Inoad the pandemonium lord
 63230 | Zig:15   | Noticed Eczet the pandemonium lord
 63237 | Zig:15   | Noticed Buismaloa the pandemonium lord
 63240 | Zig:15   | Noticed Hulote the pandemonium lord
 63241 | Zig:15   | Noticed a dread lich
 63241 | Zig:15   | Noticed Xumyleji the pandemonium lord
 63245 | Zig:15   | Engulfed by Inoad the pandemonium lord's thunder

Illustrated notes

Levels and vault maps discovered:
D:1:      dpeg_arrival_morbid_curiosity, layout_basic
D:2:      layout_basic, minivault_11, minmay_hedge_maze, item_on_display_a,
          uniq_sigmund, uniq_robin, uniq_crazy_yiuf_cottage
D:3:      layout_loops_ring, shapermc_ecumenical_altar_venn, roderic_batcave
D:4:      layout_cave_pools, lemuel_coloured_pillars_altar,
          overflow_temple_1_default, zin_angel, mainiacjoe_overflow_brackets,
          st_stairs_1, uniq_duvessa
D:5:      layout_loops_ring
D:6:      layout_cave_pods, grunt_tough_drop, uniq_blork_the_orc
D:7:      layout_basic, kennysheep_okawaru_gauntlet,
          minmay_temple_entry_poolview, nicolae_ossuary_entry_plus, st_stairs_7,
          lightli_church_of_beogh, uniq_pikel
D:8:      minmay_slanted_spiral_squares, layout_loops_ring,
          mainiacjoe_overflow_tiny_flanked, dpeg_oklobed_lair,
          chequers_serial_rivers_room_b
D:9:      layout_cave_pools, uniq_maurice, uniq_joseph, uniq_erica,
          uniq_prince_ribbit1
D:10:     layout_loops_ring, nicolae_qazlal_eye_of_the_storm,
          nicolae_uskayaw_dance_hall, minitemple, serial_shops,
          nicolae_shop_statue_plus
D:11:     layout_roguey, orc_david_3, uniq_nergalle
D:12:     minmay_bad_star, layout_grid_maze
D:13:     layout_loops_ring, grunt_vaults_entry_fortified, serial_shops,
          nicolae_shop_peninsula
D:14:     layout_stronghold, chequers_serial_rivers_room_b, serial_rivers,
          chequers_serial_rivers_large_b, chequers_serial_rivers_room_b,
          chequers_serial_rivers_large_a, chequers_serial_rivers_micro_c,
          uniq_kirke
D:15:     grunt_enter_depths_hoard, layout_stronghold, gammafunk_ghost_spectres,
          chequers_garden, nicolae_eternal_life,
          hellmonk_guarded_unrand_sphere_of_battle, uniq_rupert
Temple:   hellmonk_temple_micro_hex
Lair:1:   layout_cave_pods, minmay_holes, serial_bayou_lagoon_a,
          grunt_megastairs_2, lemuel_fruit_tree
Lair:2:   layout_layer_cave, nicolae_quartered_pool_impasse,
          bobbens_dragon_lair_wall
Lair:3:   layout_roguey, elwin_shoals_entry_stream,
          minmay_snake_entry_guardpost_medium, gammafunk_ghost_abyssal_escape,
          portal_ice_cave_demonic_guard, fungi_pond_lemuel,
          serial_bayou_shore_b, uniq_gastronok
Lair:4:   layout_concentric_octagons, slime_entry_1
Lair:5:   wormcave, layout_hall_layers, nicolae_volcano_entry_vermiform,
          gammafunk_ghost_ooze
Shoals:1: layout_shoals, nicolae_island_escapes
Shoals:2: layout_shoals, lemuel_centaur_altar, uniq_polyphemus
Shoals:3: layout_shoals, gammafunk_ghost_tricky_traps
Shoals:4: shoals_end_grunt_garden, layout_shoals, uniq_roxanne
Snake:1:  layout_misc_corridors, basic_altar, st_stairs_8, serial_bayou_shore_b,
          nicolae_integral_box
Snake:2:  layout_misc_corridors, serial_shops, shop, drop_trap, st_stairs_13,
          minmay_shop_grove
Snake:3:  layout_onion, grunt_ministairs_12, nicolae_snake_boneroom,
          uniq_saint_roka, uniq_mara
Snake:4:  grunt_snake_rune_pools, layout_grid_maze, grunt_megastairs_4,
          uniq_mlioglotl
Slime:1:  layout_caves, basic_altar, cheibrodos_slime_lost_civilization_6
Slime:2:  layout_caves, uniq_dissolution
Slime:3:  layout_caves
Slime:4:  layout_caves
Slime:5
Orc:1:    layout_caves, serial_shops, shop
Orc:2:    kennysheep_orc_mage_school, layout_caves,
          gammafunk_ghost_fury_of_okawaru, elves_outpost_lemuel
Elf:1:    layout_geoelf_octagon, serial_shops, nicolae_shop_window_shopping,
          minivault_28, st_stairs_8, nicolae_shop_self_help
Elf:2:    elven_hall_of_blades_hangedman_alternative
          [mumra_blade_entry_bloodbath], layout_geoelf_octagon,
          mu_enter_wizlab_2, serial_sigils, serial_sigils_hangedman_shear,
          serial_sigils_hangedman_gnaw, serial_sigils_hangedman_snap,
          serial_sigils_hangedman_scratch, serial_sigils_hangedman_quiver
Elf:3:    minmay_elf_hall_circle, layout_gridlike, nicolae_trove_entry_columns
Vaults:1: gammafunk_ghost_grave, nicolae_vaults_closet_pinwheel_4, v_pattern_5,
          nicolae_vaults_hallways_thing, v_misc_9,
          nicolae_vaults_big_angled_halls, nicolae_vaults_tetromino_Z_1,
          vaults_room_door_ring, nicolae_vaults_tangram_2,
          nicolae_vaults_trapezoid_lopsided_1, hangedman_vaults_capsules,
          vaults_room_door_hall, ontoclasm_vaults_spin, layout_vaults_big_room,
          serial_shops, bzr_entry_customers
Vaults:2: ebering_ghost_xom, nicolae_vaults_shipping_containers_6,
          nicolae_vaults_storage_closets_1, ontoclasm_vaults_pinch,
          nicolae_vaults_network_barrier, nicolae_vaults_house_2,
          nicolae_vaults_meiosis, vaults_standard_mumra_x,
          nicolae_vaults_weapon_check, vaults_mumra_lcd, ontoclasm_vaults_eye,
          nicolae_vaults_double_plus_2, layout_vaults_omnibox
Vaults:3: minmay_crypt_entry_necro_gods, vaults_mumra_hex,
          vaults_room_door_ring, vaults_dpeg_encased_lava,
          nicolae_vaults_surprise_closet, hangedman_vaults_slice,
          nicolae_vaults_two_Ls, layout_vaults_omnigrid
Vaults:4: v_misc_14, nicolae_vaults_little_squares_4,
          nicolae_vaults_closet_pinwheel_6, nicolae_vaults_diagonal_hallway_8,
          nicolae_vaults_closet_pinwheel_5, nicolae_vaults_quartermaster,
          nicolae_vaults_sightless_eye, nicolae_vaults_shrinking_rooms_2,
          nicolae_vaults_rhombus_6, nicolae_vaults_trapezoid_1,
          hangedman_vaults_slice, nicolae_vaults_closet_pinwheel_3,
          nicolae_vaults_tetromino_T_1, nicolae_vaults_hexular_roomagon,
          nicolae_vaults_lightning_bolt, layout_vaults_ring
Vaults:5: serial_shops
Crypt:1:  layout_chaotic_city, st_stairs_1, serial_sigils_hangedman_leer
Crypt:2:  layout_basic, uniq_frederick
Crypt:3:  quadcrypt_mu, uniq_grunn
Depths:1: layout_forbidden_donut, nicolae_tso_carved_into_rock, pan_entry,
          pf_hell_entry_great_geh, minmay_guarded_unrand_curses,
          minmay_shoptagon
Depths:2: dreamdust_experimentation, layout_cave_pools, hell_entry,
          nicolae_concentric_dashed_squares_wild, rand_demon_pan_entry_5
Depths:3: minmay_two_paths, layout_gridlike, enter_ziggurat_a, abyss_entry,
          lightli_too_deep, kennysheep_flooded_box, pan_entry,
          nicolae_wu_jian_immortal_techniques, uniq_jory
Depths:4: grunt_zot_entry_funnels, layout_basic, abyss_entry,
          serial_hangedman_research, hangedman_research_quantum,
          hangedman_research_metamorphosis, hangedman_research_convocations,
          hangedman_research_probablistics, hangedman_tar_grid_catacomb,
          grunt_dithmenos_smoke_and_mirrors, xom_confusion_cloud
Zig:15:   ziggurat_pillar_centre_c, ziggurat_pillar_centre_c,
          ziggurat_pillar_centre_c, ziggurat_pillar_centre_c

Skill      XL: |  1  2  3  4  5  6  7  8  9 10 11 12 13 14 15 16 17 18 19 20 21 22 23 24 25 26 27 |
---------------+----------------------------------------------------------------------------------+-----
Transmutations | 3 5 11 14 16 17 | 17.4
Poison Magic   | 5 |  5.5
Unarmed Combat | 5 7 8 11 14 15 16 19 20 22 24 25 | 25.1
Dodging        | 5 10 11 12 15 | 15.0
Fighting       | 2 4 6 11 | 11.9
Ice Magic      | 7 15 | 15.0
Invocations    | 6 12 13 | 13.2
Shields        | 5 14 | 14.3
Spellcasting   | 7 11 13 | 13.0
Stealth        | 5 |  5.9
Earth Magic    | 6 |  6.6
Translocations | 3 5 |  5.7
Necromancy     | 5 14 16 17 | 17.4
Evocations     | 9 |  9.8
Fire Magic     | 2 10 13 | 13.6
Air Magic      | 10 11 | 11.3

Action                     |  1- 3 |  4- 6 |  7- 9 | 10-12 | 13-15 | 16-18 | 19-21 | 22-24 | 25-27 || total
---------------------------+-------+-------+-------+-------+-------+-------+-------+-------+-------++-------
  Melee: Unarmed           |    68 |   128 |   348 |   294 |   805 |   632 |   740 |   949 |   948 ||  4912
         Constrict         |    17 |    28 |    20 |     2 |     2 |    59 |   105 |   114 |   176 ||   523
         Kick              |    11 |    24 |     2 |       |       |       |       |       |       ||    37
         Tentacles         |     9 |    10 |    19 |     2 |     7 |    90 |   160 |   241 |   278 ||   816
         Punch             |     2 |     6 |     6 |     7 |     7 |    96 |   114 |   207 |   231 ||   676
         Tailslap          |       |       |       |       |       |    32 |    32 |    14 |       ||    78
         Bite              |       |       |       |       |       |    24 |    21 |     4 |       ||    49
   Fire: Sling             |     4 |    14 |     1 |     2 |       |       |       |       |       ||    21
   Cast: Beastly Appendage |    14 |    14 |     1 |       |       |       |       |       |       ||    29
         Spider Form       |     2 |     4 |    38 |    10 |       |       |       |       |       ||    54
         Wereblood         |       |     1 |    14 |    13 |    33 |    27 |    16 |     9 |    18 ||   131
         Ice Form          |       |       |       |    24 |    90 |     4 |       |       |       ||   118
         Blade Hands       |       |       |       |       |       |    41 |       |     1 |       ||    42
         Dragon Form       |       |       |       |       |       |    21 |    20 |     5 |       ||    46
         Statue Form       |       |       |       |       |       |       |    34 |    56 |    68 ||   158
         Lesser Beckoning  |       |       |       |       |       |       |     8 |     5 |     7 ||    20
         Apportation       |       |       |       |       |       |       |       |       |     2 ||     2
         Blink             |       |       |       |       |       |       |       |       |     1 ||     1
 Invoke: Temporal Distorti |       |       |       |       |     5 |     9 |     1 |     5 |    11 ||    31
         Slouch            |       |       |       |       |     8 |     4 |     2 |     1 |     6 ||    21
         Step From Time    |       |       |       |       |     1 |       |       |       |     2 ||     3
         Bend Time         |       |       |       |       |     1 |       |       |       |       ||     1
Ability: End Transformatio |       |       |       |     1 |     1 |     3 |     3 |     1 |     1 ||    10
         Breathe Fire      |       |       |       |       |       |       |     3 |       |       ||     3
         Evoke Blink       |       |       |       |       |       |       |       |       |     3 ||     3
  Evoke: Wand              |       |       |     5 |    14 |       |    15 |       |     6 |     1 ||    41
         Condenser vane    |       |       |       |       |       |       |       |       |     1 ||     1
    Use: Potion            |     1 |     1 |     4 |     6 |     1 |       |       |     1 |     9 ||    23
         Scroll            |       |     5 |     5 |     3 |    16 |    12 |     1 |     1 |    12 ||    55
   Stab: Sleeping          |     5 |     5 |     6 |       |     3 |    12 |    38 |    22 |    11 ||   102
         Distracted        |       |       |       |       |       |     3 |     3 |     2 |     2 ||    10
         Confused          |       |       |       |       |       |       |       |       |     3 ||     3
 Armour: Skin              |    10 |     9 |    17 |    96 |   108 |    48 |   102 |   101 |   199 ||   690
  Dodge: Dodged            |    34 |    61 |   229 |   132 |   731 |   726 |  1059 |  1033 |  1675 ||  5680
  Block: Buckler           |       |       |       |       |     4 |    56 |   428 |   666 |   142 ||  1296
         Kite shield       |       |       |       |       |       |       |       |       |  1445 ||  1445

Table legend: (Time is in decaauts)
 A = Elapsed time spent in this place.
 B = Non-inter-level travel time spent in this place.
 C = Inter-level travel time spent in this place.
 D = Time resting spent in this place.
 E = Time spent auto-exploring this place.
 F = Levels seen in this place.
 G = Mean time per level.
                   A        B        C        D        E       F      G
               +--------+--------+--------+--------+--------+-----+--------+
         Total | 102660 |  86504 |  16156 |   5934 |  59041 |  71 | 1445.9 |
       Dungeon |  27290 |  21527 |   5763 |   1999 |  15779 |  15 | 1819.3 |
        Temple |     11 |     11 |      0 |      0 |      0 |   1 |   11.0 |
          Lair |  12720 |  10699 |   2021 |   2186 |   6600 |   5 | 2544.0 |
        Shoals |   6421 |   6051 |    370 |     25 |   4613 |   4 | 1605.2 |
     Snake Pit |   8155 |   7595 |    560 |    648 |   5274 |   4 | 2038.8 |
    Slime Pits |   4140 |   3792 |    348 |     66 |   2300 |   5 |  828.0 |
  Orcish Mines |   4421 |   2933 |   1488 |    122 |   2023 |   2 | 2210.5 |
   Elven Halls |   5353 |   4785 |    568 |     72 |   3144 |   3 | 1784.3 |
        Vaults |  13919 |  10920 |   2999 |    274 |   8260 |   5 | 2783.8 |
         Crypt |   6834 |   5479 |   1355 |      0 |   4156 |   3 | 2278.0 |
        Depths |   7859 |   7181 |    678 |      0 |   5629 |   4 | 1964.8 |
      Ziggurat |   1881 |   1881 |      0 |    304 |      0 |  15 |  125.4 |
        Bazaar |    271 |    271 |      0 |      0 |    142 |   1 |  271.0 |
         Trove |     91 |     91 |      0 |      0 |      0 |   1 |   91.0 |
       Ossuary |    363 |    363 |      0 |     32 |      0 |   1 |  363.0 |
      Ice Cave |   1220 |   1220 |      0 |    142 |    633 |   1 | 1220.0 |
        Wizlab |   1703 |   1703 |      0 |     62 |    484 |   1 | 1703.0 |
               +--------+--------+--------+--------+--------+-----+--------+

Top non-repeatable levels by time:
  Lair:2: 4274 daAuts
 Crypt:3: 3354 daAuts
Vaults:1: 3339 daAuts
    D:13: 3326 daAuts
   Orc:2: 3205 daAuts
    D:15: 3049 daAuts
    D:14: 2864 daAuts
Depths:4: 2857 daAuts
Vaults:3: 2826 daAuts
  Lair:1: 2634 daAuts
Vaults:5: 2612 daAuts
Vaults:4: 2577 daAuts
Vaults:2: 2564 daAuts
     D:8: 2509 daAuts
  Lair:3: 2502 daAuts
